cohdb
Replays
Latest Replays
All Replays
Popular Replays
Top Player Replays
Match Explorer
How It Works
Community
CoH3 Stats
Reddit
Sign in to upload your games and track your stats! →
Sign in with Steam
Match 44140324
Unlisted
Match 44140324
Overview
Messages
Build Orders
End
Pioneer Squad
Pioneer Squad
Construct Infanterie Kompanie
Selects Italian Coastal Battlegroup
Grenadier Squad
Grenadier Squad
Grenadier Squad
Infanterie Officer Quarters
Selects Coastal Reserves
Selects Artillery Officer
Artillery Officer
Construct Panzergrenadier Kompanie
Pak 40 Anti-tank Gun Team
Selects Designate Defensive Line
Selects Rapid Fortifications
Construct Panzer Kompanie
Stoßtruppen Squad
Selects Bulwark
Selects Obice da 210/22 Artillery Emplacement
Medical Bunker
Panzer IV Medium Tank
Barbarossa
MähnGiL
0
0
Comments
sign in to comment!
No comments posted yet!